 Dungeon Crawl Stone Soup version 0.24.0-13-gcf9b319 (webtiles) character file.

Game seed: 11427997565665910509, levelgen mode: deterministic

396 Afromullet the Grasshopper (level 6, 0/51 HPs)
             Began as a Gnoll Warper on Feb 3, 2020.
             Slain by an ogre
             ... wielding a +0 giant club
              (26 damage)
             ... on level 4 of the Dungeon.
             The game lasted 00:22:51 (3490 turns).

Afromullet the Grasshopper (Gnoll Warper)           Turns: 3490, Time: 00:22:52

Health: 0/51       AC:  4    Str: 15    XL:     6   Next: 82%
Magic:  11/14      EV: 14    Int: 16    God:
Gold:   87         SH:  0    Dex: 14    Spells: 2/15 levels left

rFire    . . .     SeeInvis .   o - +1 flail
rCold    . . .     Gourm    .   (no shield)
rNeg     . . .     Faith    .   b - +1 leather armour
rPois    .         Spirit   .   (no helmet)
rElec    .         Reflect  .   (no cloak)
rCorr    .         Harm     .   (no gloves)
MR       .....                  (no boots)
Stlth    ++........             (no amulet)
HPRegen  0.17/turn              (no ring)
MPRegen  0.14/turn              (no ring)

@: shrouded
A: distributed training, fangs 1, strong nose
a: no special abilities


You were on level 4 of the Dungeon.
You were not hungry.

You visited 1 branch of the dungeon, and saw 4 of its levels.

You collected 183 gold pieces.
You spent 96 gold pieces at shops.

Inventory:

Hand Weapons
 a - a +0 mace
 o - a +1 flail (weapon)
Missiles
 e - 5 boomerangs of dispersal (quivered)
Armour
 b - a +1 leather armour (worn)
 h - a +0 ring mail
 j - a +0 shield
 m - a +0 buckler
Scrolls
 c - 2 scrolls of fog
 d - a scroll of blinking
 g - 3 scrolls of magic mapping
 i - a scroll of amnesia
 r - 2 scrolls of teleportation
Potions
 k - 4 potions of curing
 l - a potion of haste
 n - a potion of berserk rage
Comestibles
 f - 12 rations
 p - 2 chunks of flesh


   Skills:
 + Level 5.0 Fighting
 + Level 2.1 Short Blades
 + Level 2.1 Long Blades
 + Level 2.1 Axes
 + Level 5.0 Maces & Flails
 + Level 2.1 Polearms
 + Level 2.1 Staves
 + Level 2.1 Slings
 + Level 2.1 Bows
 + Level 2.1 Crossbows
 + Level 3.3 Throwing
 + Level 3.3 Armour
 + Level 5.0 Dodging
 + Level 2.1 Stealth
 + Level 2.1 Shields
 + Level 2.1 Unarmed Combat
 + Level 5.4 Spellcasting
 + Level 1.6 Conjurations
 + Level 1.6 Hexes
 + Level 1.6 Charms
 + Level 1.6 Summonings
 + Level 1.6 Necromancy
 + Level 5.7 Translocations
 + Level 1.6 Transmutations
 + Level 1.6 Fire Magic
 + Level 1.6 Ice Magic
 + Level 1.6 Air Magic
 + Level 1.6 Earth Magic
 + Level 1.6 Poison Magic
 + Level 2.3 Invocations
 + Level 2.1 Evocations


You had 2 spell levels left.
You knew the following spells:

 Your Spells              Type           Power        Failure   Level  Hunger
a - Blink                 Tloc           N/A          2%          2    #......
b - Gell's Gravitas       Tloc           ###.......   4%          3    ###....
c - Shroud of Golubria    Chrm/Tloc      ###...       6%          2    #......
d - Lesser Beckoning      Tloc           ###.......   4%          3    ###....
e - Teleport Other        Tloc           ###.....     4%          3    ###....

Your spell library contained the following spells:

 Spells                   Type           Power        Failure   Level  Hunger
 Passage of Golubria      Tloc           N/A          17%         4    ####...


Dungeon Overview and Level Annotations

Branches:
Dungeon (4/15)
 Temple: D:4-7

Altars:
Fedhas
Qazlal

Shops:
D:4 *


Innate Abilities, Weirdness & Mutations

Your experience applies equally to all skills.
You have very sharp teeth.
Your uncanny sense of smell can sniff out nearby items.


Message History

Casting: Shroud of Golubria (safe; 6% risk of failure)
Confirm with . or Enter, or press ? or * to list all spells.
You renew your shroud.
You hit the ogre.
The ogre is lightly wounded.
The ogre hits you with a +0 giant club!!
Ouch! That really hurt!
You sock the ogre! You bite the ogre, but do no damage.
The ogre is moderately wounded.
The ogre misses you.
You hit the ogre.
The ogre is heavily wounded.
You hit the ogre but do no damage.
The ogre is heavily wounded.
The ogre misses you.
You barely miss the ogre.
The ogre is heavily wounded.
The ogre hits you with a +0 giant club!!
Ouch! That really hurt!
You die...

##'##### ##.###.#
∆... ##.....# )..
######.# #'# .(#
#.#########.# #.##
#.#.........# #..#
#...######oo#
##.#############O#
#..............@#
#..P####........#
#...#[.'..####..#
#...#..#..#..#..#
#...####..)..#.(#
##..#..#..####..#
##..#..#........#
#..##'##........#
##..#..#...####..#


You could see an ogre and 2 orcs.

Vanquished Creatures
  A water moccasin zombie (D:3)
  A scorpion (D:4)
  An orc priest (D:4)
  A hound (D:3)
  An orc wizard (D:2)
  A worker ant (D:4)
  7 adders
  A worm (D:2)
  10 dart slugs
  6 leopard geckos
  9 orcs
  A ball python (D:2)
  4 bats
  8 goblins
  12 hobgoblins
  8 jackals
  3 frilled lizards
  6 kobolds
  9 rats
90 creatures vanquished.

Vanquished Creatures (others)
  A hobgoblin (D:1)
1 creature vanquished.

Grand Total: 91 creatures vanquished

Notes
Turn   | Place    | Note
-------+----------+-------------------------------------------
     0 | D:1      | Afromullet the Gnoll Warper began the quest for the Orb.
     0 | D:1      | Reached XP level 1. HP: 20/20 MP: 6/6
   154 | D:1      | Reached XP level 2. HP: 14/26 MP: 7/7
   666 | D:2      | Reached XP level 3. HP: 28/31 MP: 9/9
   674 | D:2      | Reached skill level 5 in Spellcasting
   696 | D:2      | Reached skill level 1 in Invocations
   786 | D:2      | Found a stormy altar of Qazlal.
   816 | D:2      | Found a blossoming altar of Fedhas.
   838 | D:2      | Reached skill level 1 in Short Blades
   838 | D:2      | Reached skill level 1 in Long Blades
   838 | D:2      | Reached skill level 1 in Axes
   838 | D:2      | Reached skill level 1 in Polearms
   838 | D:2      | Reached skill level 1 in Staves
   838 | D:2      | Reached skill level 1 in Slings
   838 | D:2      | Reached skill level 1 in Bows
   838 | D:2      | Reached skill level 1 in Crossbows
   838 | D:2      | Reached skill level 1 in Stealth
   838 | D:2      | Reached skill level 1 in Shields
   838 | D:2      | Reached skill level 1 in Unarmed Combat
   838 | D:2      | Reached skill level 1 in Evocations
   838 | D:2      | Reached XP level 4. HP: 33/38 MP: 11/11
  1217 | D:2      | Learned a level 2 spell: Blink
  1221 | D:2      | Learned a level 3 spell: Gell's Gravitas
  1224 | D:2      | Learned a level 2 spell: Shroud of Golubria
  1228 | D:2      | Learned a level 3 spell: Lesser Beckoning
  1232 | D:2      | Learned a level 3 spell: Teleport Other
  1276 | D:2      | Reached skill level 1 in Conjurations
  1276 | D:2      | Reached skill level 1 in Hexes
  1276 | D:2      | Reached skill level 1 in Charms
  1276 | D:2      | Reached skill level 1 in Summonings
  1276 | D:2      | Reached skill level 1 in Necromancy
  1276 | D:2      | Reached skill level 1 in Transmutations
  1276 | D:2      | Reached skill level 1 in Fire Magic
  1276 | D:2      | Reached skill level 1 in Ice Magic
  1276 | D:2      | Reached skill level 1 in Air Magic
  1276 | D:2      | Reached skill level 1 in Earth Magic
  1276 | D:2      | Reached skill level 1 in Poison Magic
  1599 | D:3      | Reached XP level 5. HP: 27/43 MP: 10/12
  2199 | D:3      | Reached XP level 6. HP: 47/50 MP: 13/13
  3078 | D:4      | Reached skill level 5 in Fighting
  3078 | D:4      | Reached skill level 5 in Maces & Flails
  3078 | D:4      | Reached skill level 5 in Dodging
  3196 | D:4      | Found Cupratow's General Store.
  3204 | D:4      | Bought a scroll of identify for 24 gold pieces
  3204 | D:4      | Bought a scroll of teleportation for 36 gold pieces
  3204 | D:4      | Bought a potion of curing for 36 gold pieces
  3490 | D:4      | Slain by an ogre

Levels and vault maps discovered:
D:1:      evilmike_arrival_crescent, layout_rooms
D:2:      layout_rooms, grunt_temple_overflow_forces_of_nature,
          chequers_serial_rivers_marsh, minmay_goblin_kobold_house, uniq_natasha
D:3:      layout_basic, marbit_many_paths, chequers_ecumenical_altar_twisty,
          grunt_ministairs_4
D:4:      corexii_shack_village, layout_basic, serial_shops, shop

Skill      XL: |  1  2  3  4  5  6 |
---------------+-------------------+-----
Spellcasting   | 5 |  5.4
Invocations    | 1 2 |  2.3
Short Blades   | 1 2 |  2.1
Long Blades    | 1 2 |  2.1
Axes           | 1 2 |  2.1
Polearms       | 1 2 |  2.1
Staves         | 1 2 |  2.1
Slings         | 1 2 |  2.1
Bows           | 1 2 |  2.1
Crossbows      | 1 2 |  2.1
Stealth        | 1 2 |  2.1
Shields        | 1 2 |  2.1
Unarmed Combat | 1 2 |  2.1
Evocations     | 1 2 |  2.1
Conjurations   | 1 |  1.6
Hexes          | 1 |  1.6
Charms         | 1 |  1.6
Summonings     | 1 |  1.6
Necromancy     | 1 |  1.6
Transmutations | 1 |  1.6
Fire Magic     | 1 |  1.6
Ice Magic      | 1 |  1.6
Air Magic      | 1 |  1.6
Earth Magic    | 1 |  1.6
Poison Magic   | 1 |  1.6
Throwing       | 3 |  3.3
Armour         | 3 |  3.3
Fighting       | 5 |  5.0
Maces & Flails | 5 |  5.0
Dodging        | 5 |  5.0
Translocations | |  5.7

Action                   |  1- 3 |  4- 6 || total
-------------------------+-------+-------++-------
Melee: Mace              |   107 |    40 ||   147
       Bite              |     8 |    21 ||    29
       Flail             |       |   188 ||   188
       Punch             |       |     1 ||     1
 Cast: Shroud of Golubri |       |     5 ||     5
       Gell's Gravitas   |       |     1 ||     1
  Use: Scroll            |     6 |     6 ||    12
 Stab: Sleeping          |       |     2 ||     2
  Eat: Chunk             |       |     3 ||     3
       Ration            |       |     2 ||     2
Armor: Leather armour    |    33 |    66 ||    99
Dodge: Dodged            |   108 |   169 ||   277
Block: Shield            |       |    53 ||    53
